 Dungeon Crawl Stone Soup version 0.19.4 (webtiles) character file.

43041 esteth the Severer (level 13, -9/126 HPs)
             Began as a Minotaur Fighter on Feb 1, 2017.
             Was a Priest of Makhleb.
             Mangled by a seven-headed hydra (11 damage)
             ... on level 2 of the Swamp.
             The game lasted 00:51:06 (17139 turns).

esteth the Severer (Minotaur Fighter)              Turns: 17139, Time: 00:51:07

Health: -9/126     AC: 19    Str: 29    XL:     13   Next: 88%
Magic:  16/16      EV: 17    Int:  5    God:    Makhleb [***...]
Gold:   1339       SH: 12    Dex: 14    Spells: 0 memorised, 12 levels left

rFire  . . .     SeeInvis .     i - +1 war axe of Integrity {protect, rN+}
rCold  . . .     Gourm    +     r - +0 plate armour
rNeg   + . .     Faith    .     c - +2 shield
rPois  .         Spirit   .     (helmet restricted)
rElec  +         Reflect  .     p - +2 cloak of Divine Intervention {rElec Regen+ Str+7 Slay-3}
rCorr  .         Harm     .     (no gloves)
MR     .....                    M - +1 pair of boots
Stlth  ..........               Q - amulet of the gourmand
                                t - +6 ring of evasion
                                s - +5 ring of slaying

@: hasted, very quick
A: retaliatory headbutt, hooves 1, horns 2
a: Minor Destruction, Lesser Servant of Makhleb, Renounce Religion


You were on level 2 of the Swamp.
You worshipped Makhleb.
Makhleb was most pleased with you.
You were full.

You visited 3 branches of the dungeon, and saw 18 of its levels.

You collected 1339 gold pieces.

Inventory:

Hand Weapons
 a - a +1 war axe
 i - the +1 war axe of Integrity (weapon) {protect, rN+}
   (You found it on level 6 of the Lair of Beasts)

   It protects the one who uses it against injury (+AC on strike).
   It protects you from negative energy.
 y - a +2 executioner's axe of electrocution
 C - a +0 hand crossbow
Missiles
 D - 147 bolts
Armour
 c - a +2 shield (worn)
 h - a +0 cloak
 p - the +2 cloak of Divine Intervention (worn) {rElec Regen+ Str+7 Slay-3}
   (You found it on level 3 of the Lair of Beasts)

   It affects your strength (+7).
   It affects your accuracy and damage with ranged weapons and melee attacks
   (-3).
   It insulates you from electricity.
   It increases your rate of regeneration.
 r - a +0 plate armour (worn)
 F - the +0 ring mail "Wulakkil" {rN+++ Int-4 Slay+3}
   (You found it on level 5 of the Dungeon)

   It affects your intelligence (-4).
   It affects your accuracy and damage with ranged weapons and melee attacks
   (+3).
   It renders you almost immune to negative energy.
 M - a +1 pair of boots (worn)
Rods
 o - a +0 iron rod (10/10)
   (You found it on level 2 of the Swamp)
Jewellery
 b - an uncursed ring of poison resistance
 m - a +3 ring of strength
 s - a +5 ring of slaying (left hand)
 t - a +6 ring of evasion (right hand)
 G - an uncursed amulet of faith
 L - an uncursed amulet of guardian spirit
 P - an uncursed ring of protection from cold
 Q - an amulet of the gourmand (around neck)
 Y - a cursed ring of teleportation {unknown}
Wands
 E - a wand of digging (11/24)
 K - a wand of iceblast (15/15)
 V - a wand of slowing (32/48)
Scrolls
 j - 7 scrolls of remove curse
 l - 5 scrolls of identify
 v - 6 scrolls of amnesia
 N - 2 scrolls of magic mapping
 R - a scroll of fear
 W - a scroll of teleportation
Potions
 d - 2 potions of might
 e - 6 potions of agility
 n - a potion of brilliance
 z - a potion of flight
 B - 4 potions of curing
 H - 3 potions of mutation
 I - a potion of berserk rage
 T - 2 potions of cancellation
Books
 Z - a Young Poisoner's Handbook

   Spells                             Type                      Level
   a - Sting                          Conjuration/Poison           1
   b - Mephitic Cloud                 Conjuration/Poison/Air       3
   c - Olgreb's Toxic Radiance        Poison                       4
   d - Alistair's Intoxication        Transmutation/Poison         5
   e - Venom Bolt                     Conjuration/Poison           5
Comestibles
 f - 10 bread rations
 g - 27 fruits
 k - 10 meat rations
 u - 5 beef jerkies
 A - 2 slices of pizza
 J - 3 royal jellies


   Skills:
 - Level 15.1 Fighting
 + Level 17.9 Axes
 - Level 8.0 Armour
 - Level 11.2 Dodging
 - Level 3.6 Shields
 - Level 5.5 Invocations


You had 12 spell levels left.
You didn't know any spells.

Dungeon Overview and Level Annotations

Branches:
Dungeon (10/15)            Temple (0/1) D:7            Lair (6/6) D:8
  Swamp (2/4) Lair:4       Spider (0/4) Lair:3        Slime (0/5) Lair:5
    Orc: D:9-12

Altars:
Ashenzari
Fedhas
Gozag
Hepliaklqana
Kikubaaqudgha
Makhleb
Nemelex Xobeh
Qazlal
Ru
Xom
Yredelemnul
Zin
The Shining One

Shops:
D:6 (

Annotations:
Lair:1 exclusion: oklob plant


Innate Abilities, Weirdness & Mutations

You reflexively headbutt those who attack you in melee.
You have a pair of horns on your head.
You have large cloven feet.


Message History

You block the ten-headed hydra's attack. x2
The ten-headed hydra bites you but does no damage. x2
The ten-headed hydra misses you.
The ten-headed hydra completely misses you.
You block the seven-headed hydra's attack.
The seven-headed hydra bites you but does no damage.
The seven-headed hydra closely misses you.
The seven-headed hydra bites you but does no damage.
The seven-headed hydra bites you.
* * * LOW HITPOINT WARNING * * *
The seven-headed hydra misses you.
The seven-headed hydra bites you but does no damage.
The seven-headed hydra barely misses you.
The seven-headed hydra bites you.
* * * LOW HITPOINT WARNING * * *
The seven-headed hydra bites you.
* * * LOW HITPOINT WARNING * * *
The seven-headed hydra closely misses you.
The seven-headed hydra bites you!
You die...

♣≈. ≈...♣ ≈≈≈ ♣.≈ .♣≈≈ ≈≈≈♣ ♣.≈
..≈ ♣♣≈..≈ ♣ ≈≈≈≈♣ ♣ ....
♣♣......♣♣♣.≈≈≈..♣ ♣ ..≈.♣
♣..!.♣♣≈....≈≈≈...♣ ♣
...≈.♣♣♣♣♣♣.≈§.♣≈.≈≈..≈≈}≈[..♣♣
.≈.≈....♣♣≈≈≈≈....≈≈§.≈♣≈.≈≈≈♣.
......≈.♣♣.≈≈D@≈≈.≈≈≈..≈.≈≈≈≈.♣
#≈≈≈≈≈♣♣.≈≈DDD≈.≈≈≈≈........♣
#≈≈≈.≈≈......≈♣.≈≈≈≈≈.≈.≈≈.≈.
≈≈≈≈♣♣♣♣......♣♣♣ ≈≈...≈.≈≈≈≈♣.
. ♣♣≈.≈≈≈≈..♣ ♣♣♣♣♣♣≈≈≈♣♣.
♣...≈.≈≈≈.♣ ♣♣♣♣ ♣. ♣♣/.....≈≈♣
>≈ ♣♣.≈≈...≈≈♣ ..≈ ♣♣≈.≈≈..♣.♣♣
≈


You could see a 13-headed hydra, a ten-headed hydra and 2 seven-headed hydras.

Vanquished Creatures
  The ghost of Feta the Severer, a journeyman HOMo of the Shining One (Lair:4)
  Nessos (Lair:6)
  The ghost of Thrillho the Eclecticist, a journeyman DECj of Vehumet (Lair:4)
  4 hydras
  A centaur warrior (D:9)
  An alligator (Swamp:1)
  The ghost of esteth the Severer, a novice MiFi of Makhleb (D:9)
  2 spriggans (Swamp:1)
  The ghost of Homuleg the Slasher, a novice CeFi of the Shining One (D:6)
  10 elephants
  Joseph (D:7)
  5 black mambas
  14 komodo dragons
  10 spiny frogs
  4 rime drakes
  3 jumping spiders (Lair:3)
  Grinder (D:5)
  2 hornets
  9 blink frogs
  3 bog bodies
  5 hippogriffs
  7 slime creatures
  2 shadows (Swamp:1)
  4 wyverns
  3 redbacks (Lair:3)
  A basilisk (Lair:5)
  16 yaks
  A steam dragon (Lair:5)
  13 vampire mosquitoes
  A hungry ghost (D:9)
  Menkaure (D:4)
  4 swamp worms
  9 porcupines
  10 water moccasins
  2 sky beasts
  7 swamp drakes
  An ice beast (D:5)
  4 orc warriors
  2 phantoms (D:4)
  13 wolves
  2 ogres
  5 centaurs
  The ghost of appiemonkey the Slinger, an amateur HaHu (D:4)
  10 crocodiles
  Blork the orc (D:4)
  9 bullfrogs
  A gnoll sergeant (D:9)
  A scorpion (D:4)
  7 killer bees (D:7)
  A wight (D:9)
  2 bullfrog zombies
  5 crimson imps
  5 hounds
  8 jellies
  3 orc priests
  3 bullfrog skeletons
  5 orc wizards
  7 iguanas
  5 worker ants
  3 hound skeletons
  9 adders
  5 gnolls (D:9)
  A shadow imp (D:8)
  11 oozes
  2 adder skeletons
  An adder zombie (D:5)
  A worm (D:4)
  5 leopard geckos
  50 orcs
  5 giant cockroaches
  11 goblins
  9 hobgoblins
  15 jackals
  9 kobolds
  2 quokkas (D:9)
  4 ball pythons
  7 bats
  6 frilled lizards
  7 rats
  A butterfly (Lair:5)
  9 fungi
435 creatures vanquished.

Vanquished Creatures (collateral kills)
  A hydra (Swamp:1)
  A ghost crab (Swamp:2)
  An alligator (Swamp:2)
  A lindwurm (Lair:4)
  2 spiny frogs
  A hornet (Swamp:1)
  2 yaks (Lair:6)
  A porcupine (Lair:4)
10 creatures vanquished.

Vanquished Creatures (others)
  14 fungi
  5 plants
19 creatures vanquished.

Grand Total: 464 creatures vanquished

Notes
Turn   | Place    | Note
-------+----------+-------------------------------------------
     0 | D:1      | esteth the Minotaur Fighter began the quest for the Orb.
     0 | D:1      | Reached XP level 1. HP: 19/19 MP: 0/0
    39 | D:1      | Reached skill level 3 in Axes
    44 | D:1      | Reached XP level 2. HP: 24/27 MP: 1/1
   275 | D:1      | Reached XP level 3. HP: 33/33 MP: 2/2
   776 | D:2      | Reached skill level 4 in Axes
   911 | D:2      | Reached XP level 4. HP: 38/41 MP: 3/3
  1075 | D:2      | Found a glowing golden altar of the Shining One.
  1177 | D:2      | Found an opulent altar of Gozag.
  1486 | D:3      | Reached skill level 5 in Axes
  2206 | D:4      | Noticed a phantom
  2223 | D:4      | Killed a phantom
  2223 | D:4      | Reached skill level 6 in Axes
  2223 | D:4      | Reached XP level 5. HP: 41/47 MP: 4/4
  2225 | D:4      | Noticed Blork the orc
  2231 | D:4      | Killed Blork the orc
  2231 | D:4      | Reached skill level 7 in Axes
  2231 | D:4      | Reached XP level 6. HP: 43/53 MP: 5/5
  2328 | D:4      | Noticed appiemonkey's ghost (amateur HaHu)
  2364 | D:4      | Killed appiemonkey's ghost
  2515 | D:4      | Noticed Menkaure
  2518 | D:4      | Reached skill level 8 in Axes
  2523 | D:4      | Killed Menkaure
  2523 | D:4      | Reached skill level 9 in Axes
  2523 | D:4      | Reached XP level 7. HP: 38/60 MP: 6/6
  3428 | D:5      | Entered Level 5 of the Dungeon
  3513 | D:5      | Reached skill level 10 in Axes
  3820 | D:5      | Noticed Grinder
  3826 | D:5      | Killed Grinder
  3826 | D:5      | Reached skill level 11 in Axes
  3826 | D:5      | Reached XP level 8. HP: 49/67 MP: 7/7
  4288 | D:5      | Reached skill level 12 in Axes
  4443 | D:5      | Found a burning altar of Makhleb.
  4449 | D:5      | Found a basalt altar of Yredelemnul.
  4457 | D:5      | Became a worshipper of Makhleb the Destroyer
  4466 | D:5      | Found a hazy altar of Hepliaklqana.
  4505 | D:5      | Found a glowing silver altar of Zin.
  4566 | D:5      | Got a slimy ring mail
  4577 | D:5      | Identified the +0 ring mail "Wulakkil" {rN+++ Int-4 Slay+3} (You found it on level 5 of the Dungeon)
  4755 | D:6      | Reached skill level 13 in Axes
  4944 | D:6      | Reached XP level 9. HP: 56/72 MP: 8/8
  5097 | D:6      | Noticed Homuleg's ghost (novice CeFi)
  5112 | D:6      | Killed Homuleg's ghost
  5112 | D:6      | Reached skill level 14 in Axes
  5314 | D:6      | Found Zixy's Weapon Shop.
  5474 | D:7      | Found an opulent altar of Gozag.
  5474 | D:7      | Found a sparkling altar of Nemelex Xobeh.
  5474 | D:7      | Found a sacrificial altar of Ru.
  5474 | D:7      | Found an ancient bone altar of Kikubaaqudgha.
  5627 | D:7      | Noticed Joseph
  5647 | D:7      | Killed Joseph
  5680 | D:7      | Reached skill level 15 in Axes
  5695 | D:7      | Reached * piety under Makhleb
  6023 | D:7      | Found a staircase to the Ecumenical Temple.
  6742 | D:8      | Reached skill level 16 in Axes
  6742 | D:8      | Reached XP level 10. HP: 75/80 MP: 9/9
  6797 | D:8      | Found a staircase to the Lair.
  6804 | D:8      | Found a shimmering altar of Xom.
  6806 | D:8      | Found a basalt altar of Yredelemnul.
  6806 | D:8      | Found a hide-covered altar of Uskayaw.
  6808 | D:8      | Found an ancient bone altar of Kikubaaqudgha.
  6808 | D:8      | Found a stormy altar of Qazlal.
  6808 | D:8      | Found a shattered altar of Ashenzari.
  6812 | D:8      | Got a polished ring mail
  6813 | D:8      | Identified the +2 ring mail "Gouleppy" {Str+2} (You found it on level 8 of the Dungeon)
  6915 | D:8      | Reached skill level 5 in Fighting
  7237 | D:9      | Noticed esteth's ghost (novice MiFi)
  7617 | D:9      | Reached ** piety under Makhleb
  7700 | D:9      | Reached skill level 1 in Invocations
  7733 | D:9      | Killed esteth's ghost
  8121 | D:9      | Noticed a centaur warrior
  8126 | D:9      | Killed a centaur warrior
  8126 | D:9      | Reached skill level 5 in Invocations
  8353 | D:10     | Entered Level 10 of the Dungeon
  8534 | D:10     | Noticed a hill giant
  8897 | Lair:1   | Entered Level 1 of the Lair of Beasts
  9006 | Lair:1   | Noticed a spiny frog
  9028 | Lair:1   | Reached skill level 5 in Armour
  9035 | Lair:1   | Killed a spiny frog
  9357 | Lair:1   | Reached XP level 11. HP: 73/95 MP: 14/14
  9636 | Lair:1   | Noticed an oklob plant
 10891 | Lair:2   | Reached skill level 10 in Fighting
 10964 | Lair:2   | Reached skill level 1 in Dodging
 10977 | Lair:2   | Reached *** piety under Makhleb
 11249 | Lair:2   | Gained mutation: You have large cloven feet. [potion of mutation]
 11249 | Lair:2   | Gained mutation: You have a pair of large horns on your head. [potion of mutation]
 11249 | Lair:2   | Lost mutation: You have a pair of large horns on your head. [potion of mutation]
 11401 | Lair:2   | Reached skill level 5 in Dodging
 12009 | Lair:3   | Reached XP level 12. HP: 111/111 MP: 15/15
 12078 | Lair:3   | Found a hole to the Spider Nest.
 12405 | Lair:3   | Got a heavily runed cloak
 12406 | Lair:3   | Identified the +2 cloak of Divine Intervention {rElec Regen+ Str+7 Slay-3} (You found it on level 3 of the Lair of Beasts)
 12717 | Lair:3   | Found a blossoming altar of Fedhas.
 13325 | Lair:4   | Found a staircase to the Swamp.
 13451 | Lair:4   | Noticed Feta's ghost (journeyman HOMo)
 13488 | Lair:4   | Killed Feta's ghost
 13673 | Lair:4   | Noticed Thrillho's ghost (journeyman DECj)
 13697 | Lair:4   | Killed Thrillho's ghost
 13921 | Lair:5   | Noticed an eight-headed hydra
 13933 | Lair:5   | Killed an eight-headed hydra
 14034 | Lair:5   | Found a staircase to the Slime Pits.
 14104 | Lair:5   | Noticed a six-headed hydra
 14113 | Lair:5   | Killed a seven-headed hydra
 14129 | Lair:5   | Reached XP level 13. HP: 124/124 MP: 16/16
 14349 | Lair:5   | Reached skill level 10 in Dodging
 14628 | Lair:6   | Entered Level 6 of the Lair of Beasts
 14662 | Lair:6   | Noticed Nessos
 14891 | Lair:6   | Killed Nessos
 14891 | Lair:6   | Reached skill level 15 in Fighting
 15159 | Lair:6   | Got a transparent war axe
 15160 | Lair:6   | Identified the cursed +1 war axe of Integrity {protect, rN+} (You found it on level 6 of the Lair of Beasts)
 15348 | Lair:6   | Identified a scroll of acquirement
 15710 | Swamp:1  | Entered Level 1 of the Swamp
 16450 | Swamp:1  | Reached skill level 17 in Axes
 16603 | Swamp:2  | Reached **** piety under Makhleb
 17139 | Swamp:2  | HP: 2/126 [seven-headed hydra (5)]
 17139 | Swamp:2  | Mangled by a seven-headed hydra

Skill      XL: |  1  2  3  4  5  6  7  8  9 10 11 12 13 |
---------------+----------------------------------------+-----
Axes           | 3 4 6 7 9 11 13 16 17 | 17.9
Fighting       | 4 8 11 14 15 | 15.1
Invocations    | 5 |  5.5
Armour         | 5 8 |  8.0
Dodging        | 5 9 11 | 11.2
Shields        | |  3.6

Action                   |  1- 3 |  4- 6 |  7- 9 | 10-12 | 13-15 || total
-------------------------+-------+-------+-------+-------+-------++-------
Melee: War axe           |    83 |    66 |   226 |   482 |   201 ||  1058
       Headbutt          |     9 |    12 |    58 |   139 |    51 ||   269
       Executioner's axe |       |       |       |       |    17 ||    17
Invok: Minor Destruction |       |       |       |    12 |     6 ||    18
       Lesser Servant of |       |       |       |    10 |    11 ||    21
  Use: Scroll            |     4 |     5 |     9 |    12 |     7 ||    37
       Potion            |       |       |       |    15 |     5 ||    20
 Stab: Distracted        |       |       |       |     1 |     2 ||     3
  Eat: Chunk             |       |     5 |    15 |    35 |     5 ||    60
       Fruit             |       |       |     1 |       |       ||     1
Armor: Scale mail        |    40 |    15 |    12 |       |       ||    67
       Plate armour      |       |       |    49 |   171 |   196 ||   416
       Ring mail         |       |       |     1 |       |       ||     1
Dodge: Dodged            |    23 |    18 |    29 |   117 |   209 ||   396
Block: Shield            |    59 |    32 |   101 |   256 |   177 ||   625
